 Dungeon Sprint DCSS version 0.17-a0-1805-g6093636 (webtiles) character file.

8737 Kidiri the Unseen (level 11, -14/51 HPs)
             Began as a Spriggan Enchanter on Sept 12, 2015.
             Was the Champion of Dithmenos.
             Demolished by a seven-headed hydra (15 damage)
             ... in the Dungeon (Sprint III: "The Ten Rune Challenge").
             The game lasted 00:16:23 (2159 turns).

Kidiri the Unseen (Spriggan Enchanter)              Turns: 2159, Time: 00:16:25

Health: -14/51     AC:  3    Str:  4    XL:     11   Next: 13%
Magic:  18/29      EV: 32    Int: 18    God:    Dithmenos [******]
Gold:   42         SH:  0    Dex: 19    Spells: 8 memorised, 16 levels left

rFire  + . .     SeeInvis +     a - +1 dagger
rCold  . . .     Clarity  .     b - +1 robe
rNeg   . . .     SustAt   .     (shield restricted)
rPois  .         Gourm    .     (helmet restricted)
rElec  .         Spirit   .     (no cloak)
rCorr  .         Warding  .     (gloves unavailable)
rMut   .         NoTele   +     (boots unavailable)
MR     +....                    k - amulet of faith
Stlth  ++++++++++               (no ring)
                                (no ring)

@: wreathed by umbra, very quick, somewhat resistant to hostile enchantments,
uncannily stealthy
A: unfitting armour, hooves 1, see invisible, fire resistance 1, herbivore 3,
speed 3, robust 1, slow metabolism 2
a: Shadow Step, Shadow Form, Renounce Religion


You were in the Dungeon.
You worshipped Dithmenos.
Dithmenos was exalted by your worship.
You were not hungry.

You visited 1 branch You collected 42 gold pieces.

Inventory:

Hand weapons
 a - a +1 dagger (weapon)
Missiles
 c - 11 throwing nets (quivered)
Armour
 b - a +1 robe (worn)
Jewellery
 k - an amulet of faith (around neck)
Scrolls
 j - 2 scrolls of blinking
 l - a scroll of holy word {unknown}
 n - a scroll of remove curse {unknown}
 r - a scroll of torment {unknown}
 s - a scroll of enchant weapon {unknown}
Potions
 e - a potion of cancellation {unknown}
 f - 2 potions of heal wounds
 g - a potion of haste
 h - 2 potions of magic
 i - 2 potions of berserk rage
 m - 2 potions of invisibility {unknown}
 p - a potion of resistance
 q - 2 potions of flight {unknown}
 t - a potion of cure mutation
Comestibles
 d - a bread ration
 o - 27 royal jellies


   Skills:
 + Level 8.7 Short Blades
 * Level 15.2 Dodging
 * Level 16.6 Stealth
 * Level 13.1 Spellcasting
 + Level 5.5 Conjurations
 + Level 10.2 Hexes
 + Level 9.2 Charms
 + Level 5.6 Necromancy
 + Level 9.0 Translocations
 + Level 6.3 Ice Magic
 + Level 6.5 Invocations


You had 16 spell levels left.
You knew the following spells:

 Your Spells              Type           Power        Failure   Level  Hunger
a - Corona                Hex            #####..      1%          1    None
b - Ensorcelled Hibernat  Hex/Ice        #####.       1%          2    None
c - Confuse               Hex            #####...     1%          3    None
d - Tukima's Dance        Hex            #####...     1%          3    None
e - Dazzling Spray        Conj/Hex       #####...     1%          3    None
f - Shroud of Golubria    Chrm/Tloc      #####.....   1%          2    None
g - Spectral Weapon       Hex/Chrm       #####...     1%          3    None
h - Regeneration          Chrm/Necr      #####.....   1%          3    None


Dungeon Overview and Level Annotations

Branches:
Dungeon (1/1)

Altars:
Cheibriados
Dithmenos
Elyvilon
Fedhas
Gozag
Kikubaaqudgha
Makhleb
Nemelex Xobeh
Okawaru
Qazlal
Ru
Sif Muna
Trog
Vehumet
Xom
Yredelemnul
Zin
The Shining One
Jiyva
Lugonu


Innate Abilities, Weirdness & Mutations

You are tiny and cannot use many weapons and most armour.
You have supernaturally acute eyesight.
You are a herbivore.
You cover ground extremely quickly.
You need consume almost no food.
You have large cloven feet.
Your flesh is heat resistant.
You are robust (+10% HP).


Message History

Aiming: Ensorcelled Hibernation
Press: ? - help, Shift-Dir - straight line, f/p - seven-headed hydra
Aim: a seven-headed hydra (umbra, chance to defeat MR: 32%)
The seven-headed hydra looks drowsy...
Your shadow mimicks your spell!
The seven-headed hydra is unaffected.
The seven-headed hydra roars!
The seven-headed hydra completely misses you. x2
The seven-headed hydra closely misses you.
The seven-headed hydra completely misses you.
The seven-headed hydra barely misses you.
The seven-headed hydra completely misses you. x2
You barely miss the seven-headed hydra.
The seven-headed hydra completely misses you.
The seven-headed hydra bites you!
* * * LOW HITPOINT WARNING * * *
You emit a cloud of dark smoke.
The seven-headed hydra completely misses you. x2
The seven-headed hydra misses you. The seven-headed hydra bites you!
You die...

.....#.):#__#...'##.#.#.##.#.)##.
#....#___#_.+...#...#..#..##.)%..
▓▓▓▓▓▓▓▓▓▓▓▓▓▓▓▓▓▓▓▓▓▓▓▓▓▓▓▓▓▓#%.
♣♣≈≈≈........≈≈≈...#..
+♣♣'♣≈≈≈≈≈≈≈≈≈≈≈≈♣♣P.'..
#.≈♣♣♣♣♣♣♣♣♣♣♣♣♣♣♣♣PP#.. #%%♣♣
♣♣♣##+ ###'♣♣♣♣♣♣♣♣♣♣♣♣♣♣♣
♣♣♣♣%##§@##≈≈≈≈≈≈..#
♣%..##§##D#≈≈≈≈≈.§.#
♣♣.##.##§##§≈≈≈≈§###
♣..#.##§§§#≈≈....§.§
♣♣.##.##§§#≈..+#####
♣♣.##.#####...# ♣.....# ....#
####### ######


You could see a seven-headed hydra.

Vanquished Creatures
  A hydra (D)
  Erolcha (D)
  A lindwurm (D)
  2 spiny frogs (D)
  A komodo dragon (D)
  3 wandering mushrooms (D)
  A queen bee (D)
  A deep elf priest (D)
  2 trapdoor spiders (D)
  4 redbacks (D)
  A shadow (D)
  A spatial vortex (D)
  2 hill giants (D)
  A necrophage (D)
  3 two-headed ogres (D)
  2 brain worms (D)
  A water elemental (D)
  A scorpion (D)
  An electric eel (D)
  32 killer bees (D)
  A wizard (D)
  A jelly (D)
  A necromancer (D)
  3 humans (D)
  A kobold demonologist (D)
  2 oozes (D)
  2 rats (D)
73 creatures vanquished.

Vanquished Creatures (collateral kills)
  Maud (D)
1 creature vanquished.

Vanquished Creatures (others)
  2 draconian scorchers (D)
  A yaktaur (D)
  A spectral weapon (D)
4 creatures vanquished.

Grand Total: 78 creatures vanquished

Notes
Turn   | Place    | Note
--------------------------------------------------------------
     0 | D        | Kidiri the Spriggan Enchanter began the quest for the Orb.
     0 | D        | Reached XP level 1. HP: 9/9 MP: 5/5
     9 | D        | Reached skill level 5 in Stealth
    11 | D        | Reached XP level 2. HP: 13/13 MP: 5/7
    41 | D        | Learned a level 2 spell: Ensorcelled Hibernation
    47 | D        | Noticed a scorpion
   145 | D        | Killed a scorpion
   145 | D        | Reached skill level 5 in Dodging
   145 | D        | Reached skill level 6 in Stealth
   145 | D        | Reached skill level 1 in Ice Magic
   145 | D        | Reached XP level 3. HP: 16/16 MP: 8/10
   156 | D        | Reached skill level 7 in Stealth
   156 | D        | Reached skill level 5 in Spellcasting
   156 | D        | Reached skill level 5 in Hexes
   156 | D        | Reached XP level 4. HP: 21/21 MP: 7/12
   163 | D        | Learned a level 3 spell: Confuse
   167 | D        | Learned a level 3 spell: Tukima's Dance
   171 | D        | Learned a level 3 spell: Dazzling Spray
   189 | D        | Gained mutation: You are dopey. (Int -2) [potion of mutation]
   189 | D        | Gained mutation: Your muscles are strong. (Str +2) [potion of mutation]
   190 | D        | Lost mutation: Your muscles are strong. (Str +2) [potion of cure mutation]
   190 | D        | Lost mutation: You are dopey. (Int -2) [potion of cure mutation]
   191 | D        | Gained mutation: Your flesh is heat resistant. [potion of mutation]
   191 | D        | Gained mutation: You have large cloven feet. [potion of mutation]
   191 | D        | Gained mutation: You are robust (+10% HP). [potion of mutation]
   203 | D        | Killed a yaktaur
   204 | D        | Killed a white draconian scorcher
   221 | D        | Noticed a water elemental
   224 | D        | Killed a water elemental
   224 | D        | Reached skill level 8 in Stealth
   235 | D        | Noticed a jelly
   236 | D        | Noticed a shadow
   238 | D        | Killed a shadow
   238 | D        | Reached skill level 9 in Stealth
   238 | D        | Reached skill level 1 in Conjurations
   238 | D        | Reached XP level 5. HP: 26/26 MP: 13/15
   242 | D        | Killed a jelly
   242 | D        | Reached skill level 10 in Stealth
   242 | D        | Reached XP level 6. HP: 30/30 MP: 13/17
   268 | D        | Found a stormy altar of Qazlal.
   269 | D        | Found a sacrificial altar of Ru.
   269 | D        | Found a burning altar of Makhleb.
   269 | D        | Found a viscous altar of Jiyva.
   269 | D        | Found a shimmering altar of Xom.
   269 | D        | Found a shadowy altar of Dithmenos.
   269 | D        | Found a sparkling altar of Nemelex Xobeh.
   269 | D        | Found a corrupted altar of Lugonu.
   269 | D        | Found an opulent altar of Gozag.
   269 | D        | Noticed a spatial vortex
   273 | D        | Became a worshipper of Dithmenos the Shadowed
   308 | D        | Killed a white draconian scorcher
   309 | D        | Killed a spatial vortex
   309 | D        | Reached skill level 5 in Short Blades
   309 | D        | Reached skill level 1 in Invocations
   425 | D        | Found a radiant altar of Vehumet.
   426 | D        | Found a deep blue altar of Sif Muna.
   426 | D        | Found an ancient bone altar of Kikubaaqudgha.
   426 | D        | Noticed a wizard
   427 | D        | Killed a wizard
   429 | D        | Reached skill level 11 in Stealth
   440 | D        | Learned a level 2 spell: Shroud of Golubria
   444 | D        | Learned a level 3 spell: Spectral Weapon
   448 | D        | Learned a level 3 spell: Regeneration
   459 | D        | Found a glowing silver altar of Zin.
   460 | D        | Found a glowing golden altar of the Shining One.
   460 | D        | Found a white marble altar of Elyvilon.
   460 | D        | Noticed a deep elf priest
   462 | D        | Killed a deep elf priest
   462 | D        | Reached skill level 10 in Dodging
   462 | D        | Reached skill level 1 in Necromancy
   462 | D        | Reached XP level 7. HP: 35/35 MP: 20/20
   473 | D        | Found an iron altar of Okawaru.
   474 | D        | Found a bloodstained altar of Trog.
   474 | D        | Noticed a human
   474 | D        | Noticed a human
   478 | D        | Killed a human
   480 | D        | Killed a human
   480 | D        | Acquired Dithmenos's first power
   480 | D        | Reached skill level 12 in Stealth
   517 | D        | Found a snail-covered altar of Cheibriados.
   517 | D        | Noticed a necrophage
   518 | D        | Found a basalt altar of Yredelemnul.
   518 | D        | Found a blossoming altar of Fedhas.
   518 | D        | Noticed a necromancer
   519 | D        | Killed a necrophage
   519 | D        | Reached XP level 8. HP: 39/39 MP: 20/22
   520 | D        | Killed a necromancer
   520 | D        | Acquired Dithmenos's second power
   538 | D        | Noticed a two-headed ogre
   538 | D        | Noticed a two-headed ogre
   542 | D        | Killed a two-headed ogre
   548 | D        | Killed a two-headed ogre
   550 | D        | Noticed a two-headed ogre
   556 | D        | Killed a two-headed ogre
   629 | D        | Noticed a hill giant
   632 | D        | Killed a hill giant
   632 | D        | Acquired Dithmenos's third power
   632 | D        | Reached skill level 10 in Spellcasting
   638 | D        | Noticed a hill giant
   638 | D        | Noticed Erolcha
   647 | D        | Noticed a redback
   653 | D        | Killed a hill giant
   677 | D        | Killed Erolcha
   677 | D        | Reached skill level 13 in Stealth
   677 | D        | Reached skill level 5 in Charms
   677 | D        | Reached skill level 5 in Translocations
   677 | D        | Reached XP level 9. HP: 30/42 MP: 14/24
   782 | D        | Killed a redback
   788 | D        | Noticed a trapdoor spider
   793 | D        | Killed a trapdoor spider
   793 | D        | Acquired Dithmenos's fourth power
   951 | D        | Noticed a trapdoor spider
   964 | D        | Killed a trapdoor spider
   964 | D        | Reached skill level 14 in Stealth
   964 | D        | Reached skill level 5 in Ice Magic
  1017 | D        | Noticed a killer bee
  1017 | D        | Noticed a killer bee
  1017 | D        | Noticed a killer bee
  1017 | D        | Noticed a killer bee
  1017 | D        | Noticed a killer bee
  1017 | D        | Noticed a killer bee
  1017 | D        | Noticed a killer bee
  1017 | D        | Noticed a killer bee
  1017 | D        | Noticed a killer bee
  1017 | D        | Noticed a killer bee
  1017 | D        | Noticed a killer bee
  1017 | D        | Noticed a killer bee
  1017 | D        | Noticed a queen bee
  1017 | D        | Noticed a killer bee
  1017 | D        | Noticed a killer bee
  1018 | D        | Noticed a killer bee
  1018 | D        | Noticed a killer bee
  1018 | D        | Noticed a killer bee
  1018 | D        | Noticed a killer bee
  1018 | D        | Noticed a killer bee
  1018 | D        | Noticed a killer bee
  1018 | D        | Noticed a killer bee
  1018 | D        | Noticed a killer bee
  1018 | D        | Noticed a killer bee
  1018 | D        | Noticed a killer bee
  1018 | D        | Noticed a killer bee
  1018 | D        | Noticed a killer bee
  1018 | D        | Noticed a killer bee
  1018 | D        | Noticed a killer bee
  1018 | D        | Noticed a killer bee
  1018 | D        | Noticed a killer bee
  1018 | D        | Noticed a killer bee
  1018 | D        | Noticed a killer bee
  1019 | D        | Killed a killer bee
  1020 | D        | Killed a killer bee
  1025 | D        | Killed a killer bee
  1030 | D        | Killed a killer bee
  1033 | D        | Killed a killer bee
  1035 | D        | Killed a killer bee
  1037 | D        | Killed a killer bee
  1039 | D        | Killed a killer bee
  1043 | D        | Killed a killer bee
  1198 | D        | Killed a killer bee
  1205 | D        | Killed a killer bee
  1207 | D        | Killed a killer bee
  1337 | D        | Killed a killer bee
  1340 | D        | Killed a killer bee
  1342 | D        | Killed a killer bee
  1380 | D        | Killed a killer bee
  1393 | D        | Killed a killer bee
  1393 | D        | Reached skill level 5 in Invocations
  1395 | D        | Killed a killer bee
  1397 | D        | Killed a killer bee
  1399 | D        | Killed a killer bee
  1401 | D        | Killed a killer bee
  1404 | D        | Killed a killer bee
  1406 | D        | Killed a killer bee
  1408 | D        | Killed a killer bee
  1410 | D        | Killed a killer bee
  1412 | D        | Killed a killer bee
  1414 | D        | Killed a killer bee
  1546 | D        | Killed a killer bee
  1550 | D        | Killed a killer bee
  1550 | D        | Reached XP level 10. HP: 48/48 MP: 19/26
  1552 | D        | Killed a killer bee
  1554 | D        | Killed a killer bee
  1557 | D        | Killed a killer bee
  1626 | D        | Killed a queen bee
  1697 | D        | Noticed a wandering mushroom
  1698 | D        | Noticed a wandering mushroom
  1698 | D        | Noticed a wandering mushroom
  1699 | D        | Killed a wandering mushroom
  1699 | D        | Reached skill level 15 in Stealth
  1701 | D        | Killed a wandering mushroom
  1702 | D        | Killed a wandering mushroom
  1749 | D        | Noticed a spiny frog
  1749 | D        | Noticed a komodo dragon
  1749 | D        | Noticed a spiny frog
  1752 | D        | Killed a spiny frog
  1754 | D        | Killed a spiny frog
  1755 | D        | Killed a komodo dragon
  1755 | D        | Reached skill level 5 in Conjurations
  1860 | D        | Noticed a redback
  1862 | D        | Killed a redback
  1863 | D        | Noticed a brain worm
  1867 | D        | Killed a brain worm
  1872 | D        | Noticed a brain worm
  1881 | D        | Killed a brain worm
  1909 | D        | Noticed a lindwurm
  1911 | D        | Noticed a redback
  1912 | D        | Killed a lindwurm
  1912 | D        | Reached skill level 5 in Necromancy
  1914 | D        | Killed a redback
  1919 | D        | Noticed a redback
  1920 | D        | Killed a redback
  1920 | D        | Reached skill level 16 in Stealth
  1921 | D        | Noticed Maud
  1925 | D        | Killed Maud
  1925 | D        | Reached skill level 15 in Dodging
  1925 | D        | Reached skill level 10 in Hexes
  1925 | D        | Reached XP level 11. HP: 34/51 MP: 21/28
  2127 | D        | Noticed an electric eel
  2128 | D        | Noticed a six-headed hydra
  2128 | D        | Noticed a seven-headed hydra
  2130 | D        | Killed an electric eel
  2144 | D        | Killed a six-headed hydra
  2159 | D        | HP: 1/51 [seven-headed hydra (17)]
  2159 | D        | Demolished by a seven-headed hydra

Vault maps used:
D:        dungeon_sprint_mu

Action                   |  1- 3 |  4- 6 |  7- 9 | 10-12 || total
-------------------------+-------+-------+-------+-------++-------
Melee: Dagger            |     6 |    24 |    66 |    26 ||   122
Throw: Throwing net      |       |       |     3 |       ||     3
 Cast: Ensorcelled Hiber |     5 |       |    52 |    12 ||    69
       Dazzling Spray    |       |     6 |     6 |     1 ||    13
       Shroud of Golubri |       |       |     3 |       ||     3
       Regeneration      |       |       |     2 |       ||     2
       Confuse           |       |       |     1 |       ||     1
       Spectral Weapon   |       |       |     1 |       ||     1
       Tukima's Dance    |       |       |       |     1 ||     1
Invok: Shadow Step       |       |       |       |     3 ||     3
  Use: Potion            |     1 |     3 |       |       ||     4
       Scroll            |       |     2 |       |       ||     2
 Stab: Sleeping          |     6 |     6 |    38 |    18 ||    68
       Invisible         |       |       |     2 |       ||     2
       Held in net/web   |       |       |     2 |       ||     2
       Confused          |       |       |     1 |       ||     1
       Distracted        |       |       |       |     1 ||     1
